 Dungeon Crawl Stone Soup version bcrawl-1.40.3b (webtiles) character file.

Game seed: 3922552891840817391

296339 Artagas the Fighter (level 10, -5/99 HPs)
             Began as a Naga Berserker on Nov 29, 2023.
             Was a Priest of Trog.
             Slain by a death yak (20 damage)
             ... on level 7 of the Dungeon.
             The game lasted 00:12:23 (8064 turns).

Artagas the Fighter (Naga Berserker)                Turns: 8064, Time: 00:12:24

Health: -5/99      AC:  9    Str: 23    XL:     10   Next: 38%
Magic:  13/13      EV: 10    Int:  8    God:    Trog [***...]
Gold:   74         SH:  0    Dex: 10    Spells: 9/9 levels left

rFire    . . .     GDR:     26% I - +4 war axe
rCold    + . .     SeeInvis +   (no shield)
rNeg     . . .     Gourm    .   d - +0 ring mail
rPois    +         Faith    .   v - +2 helmet
rElec    .         Spirit   .   (no cloak)
rCorr    .         Reflect  .   (no gloves)
MR       +....                  (no barding)
Stlth    ..........             (no amulet)
HPRegen  0.26/turn              c - ring of protection from cold
MPRegen  0.13/turn              (no ring)

@: about to teleport, very slow
A: large, tail, swims, see invisible, deformed body, poison resistance, slowness
2, slow metabolism 1, spit poison 1, AC +3
a: Spit Poison, Berserk, Trog's Hand, Renounce Religion


You were on level 7 of the Dungeon.
You worshipped Trog.
Trog was most pleased with you.
You were not hungry.

You visited 1 branch of the dungeon, and saw 8 of its levels.

You collected 480 gold pieces.
You spent 406 gold pieces at shops.

Inventory:

Hand Weapons
 a - a +0 morningstar
   (You took it off an orc on level 4 of the Dungeon)
 x - a +2 morningstar of freezing
   (You took it off a wight on level 6 of the Dungeon)
 I - a +4 war axe (weapon)
   (You bought it in a shop on level 4 of the Dungeon)
 J - a +3 battleaxe
   (You took it off a wight on level 7 of the Dungeon)
Missiles
 i - 134 poisoned needles
 j - 258 poisoned tomahawks (quivered)
 L - 116 javelins
Armour
 d - a +0 ring mail (worn)
   (You found it on level 1 of the Dungeon)
 h - a +0 scale mail
   (You found it on level 3 of the Dungeon)
 u - a +0 plate armour
   (You found it on level 3 of the Dungeon)
 v - a +2 helmet (worn)
   (You took it off Robin on level 4 of the Dungeon)
Jewellery
 c - a ring of protection from cold (left hand)
   (You found it on level 2 of the Dungeon)
 C - an uncursed ring of stealth
   (You found it on level 6 of the Dungeon)
Wands
 f - a wand of flame (15)
   (You found it on level 2 of the Dungeon)
 y - a wand of acid (5)
   (You found it on level 4 of the Dungeon)
 D - a wand of polymorph (27)
   (You took it off Ijyb on level 4 of the Dungeon)
 F - a wand of disintegration (6)
   (You took it off a wight on level 6 of the Dungeon)
 N - a wand of paralysis (9)
   (You bought it in a shop on level 7 of the Dungeon)
Scrolls
 b - 2 scrolls of amnesia {unknown}
 k - a scroll of revelation
 n - a scroll of enchant weapon
 o - 2 scrolls of immolation {unknown}
 t - 8 scrolls of teleportation
 w - 2 scrolls of remove curse
 z - 2 scrolls of blinking
 K - 2 scrolls of fear {unknown}
 O - a scroll of noise
Potions
 g - 4 potions of flight
 l - 3 potions of heal wounds
 m - a potion of brilliance {unknown}
 p - a potion of cancellation
 q - 4 potions of curing
 s - 3 potions of agility
 A - a potion of might
 B - a potion of mutation {unknown}
 E - a potion of ambrosia {unknown}
 G - 2 potions of lignification
 H - a potion of haste {unknown}
Comestibles
 e - 5 rations {!d}
 M - 13 chunks of flesh


   Skills:
 * Level 9.6 Fighting
 * Level 9.5 Axes
 + Level 3.9 Armour
 + Level 3.8 Dodging
 + Level 4.0 Evocations


You had 9 spell levels left.
You didn't know any spells.
Your spell library was empty.

Dungeon Overview and Level Annotations

Branches:
Dungeon (8/12)             Temple (0/1) D:4
   Lair: D:7-9          Orc: D:8-11

Altars:
Ashenzari
Hepliaklqana
Okawaru
Yredelemnul

Shops:
D:4 (   D:5 ?   D:7 }

Annotations:
D:5 2 runed doors


Innate Abilities, Weirdness & Mutations

You cannot wear boots.
You can swim through water.
Your serpentine skin is tough. (AC +3)
You have supernaturally acute eyesight. (SInv)
Armour fits poorly on your strangely shaped body.
Your system is resistant to poisons. (rPois)
You cover ground very slowly.
You have a slow metabolism.
You can spit poison.


Message History

You are engulfed in a cloud of scalding steam.
Items here: ( )) [ ÷÷ You start resting.
The steam dragon is too close now for your liking.
A red film seems to cover your vision as you go berserk!
You feel yourself moving faster!
You feel mighty!
You are feeling hungry.
The steam dragon bites you.
The steam dragon claws you but does no damage.
You slash the steam dragon!
The steam dragon is moderately wounded.
The steam dragon breathes steam at you. The ball of steam misses you.
You slice the steam dragon!!
You kill the steam dragon!
Trog accepts your kill.
You are engulfed in a cloud of scalding steam.
You are engulfed in a cloud of scalding steam.
Items here: ( )) [ ÷÷ You feel a strong urge to attack something.
You start resting.
Eating one of 14 chunks of flesh.
You eat one of the 14 chunks of flesh.
This raw flesh tastes terrible.
You feel your anger nearly subside.
You are no longer berserk.
You are exhausted.
You feel yourself slow down.
You start resting.
You feel yourself speed up.
Unknown command.
You start resting.
You recover from your berserk rage.
HP restored.
A yak comes into view.
Items here: ( )) [ ÷÷ A yak is nearby!
A yak is nearby!
A yak is nearby!
The yak bellows!
You hear a bellow! x3
A yak and a death yak come into view.
You have encountered a dangerous foe!
The death yak bellows!
The yak bellows!
You hear a bellow!
A death yak comes into view.
You hear a bellow! 2 death yaks come into view.
You have encountered a dangerous foe!
The death yak bellows! x3
The yak barely misses you.
A death yak comes into view. x2
A yak comes into view.
The yak bellows!
The yak gores you!
The yak moves out of view.
A death yak comes into view.
You have encountered a dangerous foe!
The yak barely misses you.
Items here: ( )) [ ÷÷ Evoke which item? (* to show all) (? for menu, Esc to quit)
Okay, then.
As you read the scroll of identify, it crumbles to dust.
G - 2 potions of lignification The yak gores you.
Okay, then.
You fail to use your ability.
The yak gores you!
You fail to use your ability.
The yak gores you!
You fail to use your ability.
The yak gores you but does no damage.
Your black bear goes berserk!
Trog will no longer protect you from unholy torment.
You can no longer call in reinforcements.
The yak barely misses you. The yak gores you.
Your black bear bites the death yak!
Your black bear claws the death yak but does no damage.
Your black bear barely misses the death yak.
You hear a bellow!
Your black bear bites the death yak.
Your black bear claws the death yak.
Your black bear claws the death yak but does no damage.
The death yak gores your black bear!
Your black bear bites the death yak!
Your black bear claws the death yak but does no damage. x2
Your black bear bites the death yak!
Your black bear claws the death yak but does no damage.
Your black bear claws the death yak.
The death yak gores your black bear.
Your black bear bites the death yak!
Your black bear claws the death yak but does no damage.
Your black bear claws the death yak!
The death yak gores your black bear!!
Your black bear dies!
Your black bear's corpse disappears in a puff of smoke!
The death yak bellows!
You feel less exhausted. The death yak misses you. The death yak gores you!
The death yak closely misses you.
There is a stone staircase leading up here.
The death yak misses you. The death yak gores you!!
The death yak closely misses you.
A rune on the stairs sparks and fizzles.
You climb upwards.
There is a stone staircase leading down here.
As you read the scroll of teleportation, it crumbles to dust.
You feel strangely unstable. The death yak gores you!!
* * * LOW HITPOINT WARNING * * *
The death yak gores you!!
You die...

##.#...........# #.##...##.##.#.
#.#..###.####.####..............
##......#............#.#..#####..
...##.#.#......#####.#.#..# #..
##.##.............##.#....# #..
#.##.#.#......##.....###.# #..
#.....[#......#####..# #.#####.#
####.#####.<..#####.(# #.......#
#.# ###.[..Y@....>###########
#.###.......#Y.......#
#...........#..##.#..#
###.###.......#........# #...#
##.....##..#..#..# #.###
#.....##..#.##..# #.#
#.....##..#.##..# #.#
#.....##........# ##.##
#.....##.......##


You could see 2 death yaks.

Vanquished Creatures
  A two-headed ogre (D:7)
  2 hippogriffs
  Eustachio (D:5)
  A steam dragon (D:8)
  An orc warrior (D:8)
  Duvessa (D:4)
  An ice beast (D:7)
  A sky beast (D:6)
  5 ogres
  3 bullfrogs
  A gnoll sergeant (D:8)
  A wyvern zombie (D:7)
  Dowan (D:4)
  2 centaurs
  A scorpion (D:4)
  13 wights
  2 howler monkeys
  2 orc priests
  6 crimson imps
  A bullfrog zombie (D:3)
  2 bullfrog skeletons
  3 hounds
  2 jellies (D:8)
  8 orc wizards
  Ijyb (D:4)
  2 iguanas (D:4)
  5 worker ants
  A killer bee zombie (D:7)
  2 hound skeletons
  A hound zombie (D:7)
  Robin (D:4)
  A worker ant zombie (D:5)
  4 gnolls
  7 adders
  A shadow imp (D:6)
  An ooze (D:2)
  2 adder zombies
  8 worms
  4 leopard geckos
  33 orcs
  A ball python (D:1)
  9 bats
  10 goblins
  8 hobgoblins
  4 jackals
  3 quokkas
  3 frilled lizards
  A jackal zombie (D:6)
  9 kobolds
  5 rats
189 creatures vanquished.

Notes
Turn   | Place    | Note
-------+----------+-------------------------------------------
     0 | D:1      | Artagas the Naga Berserker began the quest for the Orb.
     0 | D:1      | Reached XP level 1. HP: 21/21 MP: 1/1
   143 | D:1      | Reached XP level 2. HP: 23/28 MP: 2/2
   750 | D:1      | Reached XP level 3. HP: 34/34 MP: 3/3
  1142 | D:2      | Reached ** piety under Trog
  1318 | D:2      | Reached skill level 4 in Fighting
  1318 | D:2      | Reached XP level 4. HP: 44/44 MP: 4/4
  1340 | D:2      | Reached skill level 4 in Axes
  2138 | D:3      | Noticed a hippogriff
  2153 | D:3      | Killed a hippogriff
  2154 | D:3      | Reached skill level 5 in Fighting
  2154 | D:3      | Reached skill level 5 in Axes
  2154 | D:3      | Reached XP level 5. HP: 22/52 MP: 5/5
  2154 | D:3      | Reached XP level 6. HP: 26/61 MP: 6/6
  3107 | D:4      | Reached XP level 7. HP: 67/68 MP: 7/7
  3122 | D:4      | Found a staircase to the Ecumenical Temple.
  3126 | D:4      | Noticed Robin
  3133 | D:4      | Killed Robin
  3201 | D:4      | Reached skill level 6 in Fighting
  3473 | D:4      | Noticed Ijyb
  3490 | D:4      | Killed Ijyb
  3491 | D:4      | Reached skill level 6 in Axes
  3512 | D:4      | Noticed Duvessa
  3512 | D:4      | Noticed Dowan
  3522 | D:4      | Killed Duvessa
  3527 | D:4      | Killed Dowan
  4291 | D:4      | Reached XP level 8. HP: 78/78 MP: 8/8
  4427 | D:4      | Found Jejyrch Yczay's Antique Weapon Shop.
  4438 | D:4      | Reached skill level 7 in Fighting
  4438 | D:4      | Reached skill level 7 in Axes
  4515 | D:4      | Bought a runed war axe for 162 gold pieces
  4661 | D:5      | Entered Level 5 of the Dungeon
  4725 | D:5      | Found an iron altar of Okawaru.
  4882 | D:5      | Reached *** piety under Trog
  4999 | D:5      | Found a runed door.
  5021 | D:5      | Found a runed door.
  5030 | D:5      | Found Poatwe's Magic Scroll Shoppe.
  5049 | D:5      | Reached skill level 2 in Armour
  5049 | D:5      | Reached skill level 1 in Evocations
  5058 | D:5      | Bought a scroll of blinking for 90 gold pieces
  5058 | D:5      | Bought a scroll of identify for 24 gold pieces
  5165 | D:5      | Noticed Eustachio
  5185 | D:5      | Killed Eustachio
  5186 | D:5      | Reached skill level 2 in Dodging
  5348 | D:5      | Found a basalt altar of Yredelemnul.
  5372 | D:5      | Reached skill level 8 in Fighting
  5372 | D:5      | Reached skill level 8 in Axes
  5372 | D:5      | Reached XP level 9. HP: 49/88 MP: 10/10
  5623 | D:5      | Found a shattered altar of Ashenzari.
  5814 | D:6      | Reached skill level 2 in Evocations
  6147 | D:6      | Reached skill level 3 in Armour
  6299 | D:6      | Reached skill level 3 in Dodging
  7064 | D:7      | Reached **** piety under Trog
  7065 | D:7      | Reached skill level 3 in Evocations
  7416 | D:7      | Reached skill level 9 in Fighting
  7437 | D:7      | Noticed a two-headed ogre
  7445 | D:7      | Killed a two-headed ogre
  7446 | D:7      | Reached skill level 9 in Axes
  7446 | D:7      | Reached XP level 10. HP: 99/99 MP: 12/12
  7512 | D:7      | Found a hazy altar of Hepliaklqana.
  7730 | D:7      | Found Cylo Bis's Gadget Shoppe.
  7789 | D:7      | Bought a wand of paralysis (9) for 130 gold pieces
  7910 | D:8      | Reached skill level 4 in Evocations
  8036 | D:8      | Noticed a death yak
  8036 | D:8      | Noticed a death yak
  8037 | D:8      | Noticed a death yak
  8037 | D:8      | Noticed a death yak
  8037 | D:8      | Noticed a death yak
  8037 | D:8      | Noticed a death yak
  8039 | D:8      | Noticed a death yak
  8064 | D:7      | Slain by a death yak

Skill      XL: |  1  2  3  4  5  6  7  8  9 10 |
---------------+-------------------------------+-----
Fighting       | 4 5 6 8 9 |  9.6
Axes           | 5 6 8 9 |  9.5
Armour         | 2 3 |  3.9
Evocations     | 1 3 4 |  4.0
Dodging        | 2 3 |  3.8

Action                   |  1- 3 |  4- 6 |  7- 9 | 10-12 || total
-------------------------+-------+-------+-------+-------++-------
Melee: Hand axe          |   101 |    68 |    92 |       ||   261
       War axe           |       |       |   221 |    35 ||   256
Throw: Tomahawk          |       |     3 |    11 |       ||    14
Invok: Berserk           |     6 |     6 |    15 |     3 ||    30
       Trog's Hand       |       |     1 |     2 |     2 ||     5
       Brothers in Arms  |       |       |       |     1 ||     1
 Abil: Spit Poison       |       |     2 |     8 |       ||    10
Evoke: Wand              |       |       |     2 |       ||     2
  Use: Scroll            |     1 |     3 |    10 |     2 ||    16
  Eat: Chunk             |     9 |     9 |    25 |     4 ||    47
       Ration            |       |     1 |     2 |     1 ||     4
Armor: Animal skin       |    27 |     7 |       |       ||    34
       Ring mail         |       |    13 |   130 |    27 ||   170
       Scale mail        |       |     2 |       |       ||     2
Dodge: Dodged            |    61 |    38 |   154 |    37 ||   290

Levels and vault maps discovered:
D:1:      evilmike_arrival_rings, layout_basic
D:2:      layout_rooms, minmay_fractal_squares_5
D:3:      layout_loops_cross
D:4:      layout_loops_corners, minmay_temple_entry_glassed_door, serial_shops,
          shop, st_stairs_8, hangedman_decor_push, uniq_ijyb, uniq_robin,
          uniq_duvessa
D:5:      lemuel_insect_pit, layout_gridville, kennysheep_mini, first_ration,
          basic_altar, serial_shops, nicolae_shop_trees, kennysheep_diamond,
          uniq_eustachio
D:6:      layout_basic
D:7:      layout_loops_cross, lemuel_crystal_altar, serial_shops, shop_statue
D:8:      layout_basic, dpeg_lair_monsters, the_bakery

Table legend:
 A = Turns spent in this place as a percentage of turns spent in the entire game.
 B = Non-inter-level travel turns spent in this place as a percentage of non-inter-level travel turns spent in the entire game.
 C = Inter-level travel turns spent in this place as a percentage of turns spent in this place.
 D = Turns resting spent in this place as a percentage of non-inter-level travel turns spent in this place.
 E = Turns spent auto-exploring this place as a percentage of non-inter-level travel turns spent in this place.
 F = Non-inter-level travel turns spent in this place divided by the number of levels of this place that you've seen.
                   A       B       C       D       E      F
               +-------+-------+-------+-------+-------+----------------------
         Total | 100.0 | 100.0 |   3.5 |  16.2 |  66.6 | 972.9
       Dungeon | 100.0 | 100.0 |   3.5 |  16.2 |  66.6 | 972.9
               +-------+-------+-------+-------+-------+----------------------

Table legend:
 A = Kills in this place as a percentage of kills in entire the game.
 B = Kills by you in this place as a percentage of kills by you in the entire game.
 C = Kills by friends in this place as a percentage of kills by friends in the entire game.
 D = Other kills in this place as a percentage of other kills in the entire game.
 E = Experience gained in this place as a percentage of experience gained in the entire game.
 F = Experience gained in this place divided by the number of levels of this place that you have seen.
                   A       B       C       D       E      F
               +-------+-------+-------+-------+-------+----------------------
         Total | 100.0 | 100.0 |   N/A |   N/A | 100.0 | 801.0
       Dungeon | 100.0 | 100.0 |   N/A |   N/A | 100.0 | 801.0
               +-------+-------+-------+-------+-------+----------------------
